 Dungeon Crawl Stone Soup version 0.28.0-53-g5a82cb258f (webtiles) character file.

Game seed: 16795196787581841497

326 Leech the Scratcher (level 6, -13/26 HPs)
             Began as a Felid Transmuter on June 30, 2022.
             Was a Priest of Makhleb.
             Mangled by an ogre
             ... wielding a +0 giant club
              (19 damage)
             ... on level 4 of the Dungeon.
             The game lasted 00:22:57 (4604 turns).

Leech the Scratcher (Felid Transmuter)              Turns: 4604, Time: 00:22:59

Health: -13/26     AC:  2    Str:  6    XL:     6   Next: 24%
Magic:  9/11       EV: 21    Int: 16    God:    Makhleb [***...]
Gold:   163        SH:  0    Dex: 22    Spells: 1/11 levels left
                                        Lives:  0   Deaths: 1

rFire   . . .      SeeInvis +     - Unarmed
rCold   . . .      Faith    .   (shield unavailable)
rNeg    . . .      Spirit   .   (armour unavailable)
rPois   x          Reflect  .   (helmet unavailable)
rElec   .          Harm     .   (cloak unavailable)
rCorr   .          Rampage  .   (gloves unavailable)
Will    .....                   (boots unavailable)
Stlth   ++........              (no amulet)
HPRegen 0.08/turn               (no ring)
MPRegen 0.12/turn               (no ring)

@: spider-form (expiring)
A: venomous fangs, tiny, (claws 1), (fangs 3), see invisible, (speed 1), (shaggy
fur 2), (stealthy paws), no weapons or thrown items, no armour, multi-lived
a: End Transformation, Renounce Religion, Minor Destruction, Lesser Servant of
Makhleb


You were on level 4 of the Dungeon.
You worshipped Makhleb.
Makhleb was most pleased with you.
You were a venomous arachnid creature.
You visited 1 branch of the dungeon, and saw 4 of its levels.

You collected 163 gold pieces.

Inventory:

Wands
 d - a wand of flame (17)
 h - a wand of iceblast (9)
Scrolls
 c - 6 scrolls of teleportation
 e - a scroll of summoning
 g - a scroll of magic mapping {unknown}
Potions
 a - a potion of lignification {unknown}
 b - 2 potions of ambrosia {unknown}
 f - a potion of curing {unknown}


   Skills:
 * Level 1.8 Fighting
 * Level 3.4 Dodging
 * Level 2.1 Stealth
 * Level 4.2 Unarmed Combat
 * Level 3.2 Spellcasting
 * Level 1.2 Conjurations
 * Level 0.2 Necromancy
 * Level 3.0 Transmutations
 * Level 1.1 Air Magic
 * Level 1.1 Poison Magic
 * Level 1.4 Invocations
 * Level 0.7 Evocations


You had one spell level left.
You knew the following spells:

 Your Spells              Type           Power      Damage    Failure   Level
a - Beastly Appendage     Tmut           24%        N/A       16%         1
b - Static Discharge      Conj/Air       6%         N/A       36%         2
c - Spider Form           Tmut/Pois      9%         N/A       45%         3
d - Dispel Undead         Necr           3%         3d7       95%         4

Your spell library contained the following spells:

 Spells                   Type           Power      Damage    Failure   Level
 Wereblood                Tmut           12%        N/A       22%         2
 Blink                    Tloc           4%         N/A       50%         2
 Lesser Beckoning         Tloc           2%         N/A       71%         3
 Ice Form                 Ice/Tmut       7%         N/A       86%         4
 Sticky Flame             Conj/Fire      4%         2d3       92%         4
 Manifold Assault         Tloc           2%         N/A       100%        5


Dungeon Overview and Level Annotations

Branches:
Dungeon (4/15)             Temple (0/1) D:4

Altars:
Ashenzari
Cheibriados
Makhleb
Zin

Shops:
D:2 =   D:3 (

Annotations:
D:3 2 transporters, bchevrier's ghost, weakling GnWn


Innate Abilities, Weirdness & Mutations

You are a venomous arachnid creature.
You have poisonous fangs.
You are tiny and dextrous.
Your spellcasting is less reliable in this form.
((You have sharp claws.))
((You have razor-sharp teeth.))
You have supernaturally acute eyesight. (SInv)
((You cover ground quickly. (Speed+)))
((You are covered in thick fur. (AC +2)))
((Your paws help you pounce on unaware monsters.))
You are incapable of wielding weapons or throwing items.
You cannot wear armour.
You gain extra lives every three experience levels.


Message History

Items here: ( )))) ††.
Things that are here:
a +0 club; a +0 club; a +0 club Your transformation has ended.
Things that are here:
a +0 club; a +0 club
Items here: ) [[ †.
Okay, then.
You start resting.
Magic restored.
Okay, then.
Casting: Spider Form (extremely dangerous; 24% risk of failure)
Confirm with . or Enter, or press ? or * to list all spells.
Okay, then.
Found a scroll of teleportation.
c - 6 scrolls of teleportation (gained 1)
Casting: Spider Form (extremely dangerous; 24% risk of failure)
Confirm with . or Enter, or press ? or * to list all spells.
The spell is extremely dangerous to miscast (24% risk of failure)!
Continue anyway?
You turn into a venomous arachnid creature.
You hit the ogre.
The ogre is poisoned.
The ogre is lightly wounded.
The ogre misses you.
You hit the ogre.
The ogre looks as sick as possible!
The ogre is lightly wounded.
Your transformation is almost over.
The ogre completely misses you.
You hit the ogre.
The ogre looks as sick as possible!
The ogre is severely wounded.
The ogre hits you with a +0 giant club!
Ouch! That really hurt!
* * * LOW HITPOINT WARNING * * *
Aiming: Minor Destruction (11% risk of failure)
Press: ? - help, Shift-Dir - straight line, f - ogre
Aim: an ogre, wielding a +0 giant club (severely wounded, extremely poisoned)
The puff of flame hits the ogre.
The ogre is almost dead.
The ogre hits you with a +0 giant club!!
Ouch! That really hurt!
You die...

...........# #.#
##...####.## #.#
..... B(.# #.# ###
#..# #.# # #.
##..####.###
###.###...##.....#
...........#.#.#.#
###.#.#........#O#
# #.#.##<....###s#
###.#.###........#
##............####
......###...#.#
............#.#
......####.## #
......####.#
.........#..
...#.#...#


You could see an ogre (extremely poisoned).

Vanquished Creatures
  An ogre (D:4)
  A hound (D:4)
  Terence (D:2)
  Robin (D:4)
  10 adders
  3 worms (D:3)
  5 orcs (D:3)
  9 ball pythons
  5 bats
  7 endoplasms
  7 giant cockroaches
  16 goblins
  5 hobgoblins
  6 kobolds
  5 quokkas
  9 frilled lizards
  3 rats
94 creatures vanquished.

Vanquished Creatures (collateral kills)
  Natasha (D:2)
  An adder (D:2)
2 creatures vanquished.

Vanquished Creatures (others)
  2 fungi (D:1)
2 creatures vanquished.

Grand Total: 98 creatures vanquished

Notes
Turn   | Place    | Note
-------+----------+-------------------------------------------
     0 | D:1      | Leech the Felid Transmuter began the quest for the Orb.
     0 | D:1      | Reached XP level 1. HP: 9/9 MP: 4/4
   246 | D:1      | Found a faded altar of an unknown god.
   326 | D:1      | Prayed at the altar of an unknown god.
   326 | D:1      | Became a worshipper of Makhleb the Destroyer
   326 | D:1      | Reached * piety under Makhleb
   445 | D:1      | Reached XP level 2. HP: 10/12 MP: 4/6
   891 | D:1      | Learned a level 2 spell: Static Discharge
  1215 | D:2      | Reached ** piety under Makhleb
  1241 | D:2      | Found Gewaq's Jewellery Emporium.
  1247 | D:2      | Reached XP level 3. HP: 15/15 MP: 2/7
  1251 | D:2      | Learned a level 3 spell: Spider Form
  1541 | D:2      | Reached skill level 1 in Stealth
  1740 | D:2      | Noticed Terence
  1756 | D:2      | Killed Terence
  1757 | D:2      | Reached XP level 4. HP: 18/19 MP: 5/8
  2060 | D:2      | You fall into a shaft and drop 2 floors!
  2090 | D:4      | Slain by a hound
  2091 | D:4      | Reached XP level 3. HP: 0/15 MP: 0/7
  2091 | D:4      | Found a staircase to the Ecumenical Temple.
  2091 | D:4      | Noticed an ogre
  2094 | D:4      | Noticed an ogre
  2109 | D:4      | Killed an ogre
  2110 | D:4      | Reached skill level 4 in Unarmed Combat
  2110 | D:4      | Reached XP level 4. HP: 11/19 MP: 5/9
  2120 | D:4      | Reached skill level 1 in Conjurations
  2223 | D:4      | Reached skill level 1 in Invocations
  2251 | D:4      | Reached XP level 5. HP: 22/22 MP: 0/10
  2394 | D:3      | Found Gezer's Antique Weapon Boutique.
  2403 | D:3      | Found a transporter.
  2406 | D:3      | Noticed bchevrier's ghost (weakling GnWn)
  2669 | D:2      | Noticed Natasha
  2676 | D:2      | Killed Natasha
  2677 | D:2      | Reached skill level 1 in Air Magic
  2677 | D:2      | Reached skill level 1 in Poison Magic
  3035 | D:2      | Learned a level 4 spell: Dispel Undead
  3541 | D:3      | Found a snail-covered altar of Cheibriados.
  3752 | D:3      | Found a glowing silver altar of Zin.
  3798 | D:3      | Found a broken altar of Ashenzari.
  3804 | D:3      | Gained mutation: You are covered in thick fur. (AC +2)
                  | [Felid growth]
  3804 | D:3      | Reached XP level 6. HP: 14/26 MP: 1/11
  3820 | D:3      | Reached *** piety under Makhleb
  4119 | D:3      | Found a transporter.
  4505 | D:4      | Noticed Robin
  4510 | D:4      | Killed Robin
  4604 | D:4      | Mangled by an ogre

Illustrated notes

Levels and vault maps discovered:
D:1:      lemuel_arrival_tunnels, layout_loops_ring,
          shapermc_ecumenical_altar_mp_urbaneastern
D:2:      layout_basic, serial_shops, nicolae_shop_stone, uniq_terence,
          uniq_natasha
D:3:      layout_loops_ring, mainiacjoe_overflow_six_doors_small,
          mainiacjoe_overflow_surrounded_room, ashenzari_altar_1,
          gammafunk_ghost_mausoleum, serial_shops, shop
D:4:      layout_loops_ring, lemuel_round_altar, minmay_temple_entry_grid,
          serial_shops, nicolae_shop_behind_doors, hangedman_decor_peaks_small,
          uniq_duvessa, uniq_grinder, uniq_robin

Skill      XL: |  1  2  3  4  5  6 |
---------------+-------------------+-----
Stealth        | 1 2 |  2.1
Dodging        | 3 |  3.4
Unarmed Combat | 4 |  4.2
Conjurations   | 1 |  1.2
Invocations    | 1 |  1.4
Spellcasting   | 3 |  3.2
Air Magic      | 1 |  1.1
Poison Magic   | 1 |  1.1
Transmutations | 3 |  3.0
Fighting       | |  1.8
Necromancy     | |  0.2
Evocations     | |  0.7

Action                   |  1- 3 |  4- 6 || total
-------------------------+-------+-------++-------
Melee: Unarmed           |    87 |    83 ||   170
       Bite              |     6 |     1 ||     7
       Punch             |     1 |       ||     1
       Headbutt          |     3 |     1 ||     4
 Cast: Beastly Appendage |    18 |     3 ||    21
       Static Discharge  |     5 |    16 ||    21
       Spider Form       |     5 |    22 ||    27
Invok: Minor Destruction |       |     1 ||     1
Evoke: Wand              |       |     6 ||     6
  Use: Scroll            |     3 |     5 ||     8
       Potion            |     1 |       ||     1
 Stab: Sleeping          |     3 |     4 ||     7
Armor: Skin              |     4 |     8 ||    12
Dodge: Dodged            |    86 |   114 ||   200
